 Dungeon Crawl Stone Soup version 0.29.1-13-g9f3cf754e1 (webtiles) character file.

Game seed: 7577562963641031999

12180 wolfrpgdude the Protected (level 11, -16/104 HPs)
             Began as a Minotaur Fighter on Feb 10, 2023.
             Was a Priest of the Shining One.
             Hit by a large rock thrown by a cyclops (30 damage)
             ... on level 14 of the Dungeon.
             The game lasted 00:23:30 (11273 turns).

wolfrpgdude the Protected (Minotaur Fighter)       Turns: 11273, Time: 00:23:30

Health: -16/104    AC: 17    Str: 31    XL:     11   Next: 59%
Magic:  10/10      EV:  4    Int:  5    God:    the Shining One [***...]
Gold:   1352       SH: 29    Dex: 10    Spells: 10/10 levels left

rFire   . . .      SeeInvis .   g - +3 broad axe
rCold   . . .      Faith    .   J - +18 shield of the Gong {rElec rN+ Will+ EV-5}
rNeg    + + .      Spirit   .   b - +1 scale mail
rPois   .          Reflect  .   (helmet restricted)
rElec   +          Harm     .   (no cloak)
rCorr   .          Rampage  .   (no gloves)
Will    +....                   l - +2 pair of boots
Stlth   ..........              (no amulet)
HPRegen 0.27/turn               i - +4 ring of protection
MPRegen 0.12/turn               w - +6 ring of strength

@: on fire, flayed, glowing
A: horns 2, retaliatory headbutt
a: Renounce Religion, Divine Shield, Cleansing Flame


You were on level 14 of the Dungeon.
You worshipped the Shining One.
The Shining One was most pleased with you.
You visited 1 branch of the dungeon, and saw 12 of its levels.

You collected 1709 gold pieces.
You spent 357 gold pieces at shops.

Inventory:

Hand Weapons
 g - a +3 broad axe (weapon)
Armour
 b - a +1 scale mail (worn)
 c - a +0 buckler
 l - a +2 pair of boots (worn)
 J - the +18 shield of the Gong (worn) {rElec rN+ Will+ EV-5}
   (You found it on level 9 of the Dungeon)

   It is deafeningly noisy when blocking attacks.
   EV:        It affects your evasion (-5).
   rElec:     It insulates you from electricity.
   rN:        It protects you from negative energy.
   Will:      It increases your willpower.
Jewellery
 i - a +4 ring of protection (left hand)
 v - a ring of wizardry
 w - a +6 ring of strength (right hand)
 x - a ring of wizardry
 y - a ring of willpower
 D - a ring of ice
 H - a ring of magical power
Wands
 a - a wand of flame (25)
 u - a wand of acid (9)
 B - a wand of roots (8)
 G - a wand of mindburst (9)
Scrolls
 e - 2 scrolls of immolation
 f - 5 scrolls of identify
 n - a scroll of amnesia {unknown}
 p - 2 scrolls of magic mapping
 r - a scroll of silence
 s - a scroll of enchant armour
 t - 2 scrolls of teleportation
 F - a scroll of butterflies {unknown}
Potions
 d - 4 potions of might
 h - a potion of heal wounds
 j - 2 potions of attraction
 k - a potion of ambrosia
 m - 2 potions of invisibility
 o - 2 potions of mutation {unknown}
 q - 9 potions of curing
 z - a potion of lignification {unknown}
 A - a potion of magic
 C - 2 potions of haste {unknown}
 E - a potion of brilliance
 I - a potion of flight {unknown}


   Skills:
 + Level 11.7 Fighting
 + Level 11.4 Axes
 + Level 11.8 Armour
 + Level 11.7 Shields


You had 10 spell levels left.
You didn't know any spells.
Your spell library contained the following spells:

 Spells                   Type           Power      Damage    Failure   Level
 Apportation              Tloc           0%         N/A       88%         1
 Freeze                   Ice            0%         1d3       88%         1
 Summon Small Mammal      Summ           0%         N/A       88%         1
 Ensorcelled Hibernation  Hex/Ice        0%         N/A       96%         2
 Passwall                 Tmut/Erth      0%         N/A       96%         2
 Call Canine Familiar     Summ           0%         N/A       99%         3
 Frozen Ramparts          Ice            0%         1d1       99%         3
 Stone Arrow              Conj/Erth      0%         3d7       99%         3
 Summon Guardian Golem    Hex/Summ       0%         N/A       99%         3
 Swiftness                Air            0%         N/A       99%         3
 Animate Armour           Summ/Erth      0%         N/A       100%        4
 Hailstorm                Conj/Ice       0%         3d3       100%        4
 Ice Form                 Ice/Tmut       0%         N/A       100%        4
 Summon Ice Beast         Ice/Summ       0%         N/A       100%        4
 Orb of Destruction       Conj           0%         9d5       100%        7
 Spellforged Servitor     Conj/Summ      0%         N/A       100%        7
 Lehudib's Crystal Spear  Conj/Erth      0%         10d2      100%        8


Dungeon Overview and Level Annotations

Branches:
Dungeon (11/15)            Temple (0/1) D:4            Lair (0/5) D:10
    Orc: D:9-12

Altars:
Cheibriados
Dithmenos
Elyvilon
Gozag
Hepliaklqana
Kikubaaqudgha
Nemelex Xobeh
Okawaru
Sif Muna
Trog
Wu Jian
Xom
The Shining One

Shops:
D:2 ?*   D:3 [   D:6 (   D:7 !   D:9 !

Annotations:
D:4 Sigmund


Innate Abilities, Weirdness & Mutations

You have a pair of horns on your head.
You reflexively headbutt those who attack you in melee.


Message History

You block the deep elf pyromancer's attack.
BONNNG!
You hear a horrible gurgling sound!
Unknown command.
You slash the deep elf pyromancer!
The deep elf pyromancer is almost dead.
You hit the ogre mage. You slash the yaktaur! The yaktaur hits you!
You block the ogre mage's attack.
BONNNG!
You block the deep elf pyromancer's attack.
GONNNNG!
The flayed ghost cries, "Feel what I felt!"
Terrible wounds spread across more of your body!
You hear a croak.
You hear a horrible gurgling sound!
You hear a roar!
You hear a horrible gurgling sound!
You hear a roar!
You hit the deep elf pyromancer.
The deep elf pyromancer is almost dead.
You hit the ogre mage. You hit the yaktaur but do no damage.
You block the yaktaur's attack.
GONNNNG!
The flayed ghost stares at you with tortured malice.
Terrible wounds spread across more of your body!
* * * LOW HITPOINT WARNING * * *
The deep elf pyromancer casts a spell at you.
The sticky flame hits you!
You are covered in liquid flames!
* * * LOW HITPOINT WARNING * * *
You block the yaktaur's attack.
PANG!
You hear a horrible gurgling sound!
You slice the deep elf pyromancer!!
You kill the deep elf pyromancer!
The fire elemental disappears in a puff of smoke! x3
You hit the ogre mage. You hit the yaktaur but do no damage.
You are covered in liquid flames!
* * * LOW HITPOINT WARNING * * *
You block the ogre mage's attack.
GONNNNG!
You block the yaktaur's attack.
GONNNNG!
The cyclops throws a large rock.
The large rock hits you!!
You die...

.W. #.# .. ##.# ##..
#.O# ..c# ##..# #..#
##...# #..### ###..#.#
#...###...#..# #
###O.........## ##.
#.@cW....###.#
####..###)######.....#
.......°§§# #######
...C.(.C○§#
..........#
..°.......#
..>.......#
..........#
<....$....#


You could see a flayed ghost, an ogre mage (invisible), a cyclops and a yaktaur.

Vanquished Creatures
  A boulder beetle (D:11)
  Fannar (D:10)
  2 two-headed ogres
  A centaur warrior (D:14)
  A deep elf pyromancer (D:14)
  A cyclops (D:11)
  2 vault sentinels (D:9)
  2 trolls (D:10)
  2 shadows (D:11)
  18 yaks
  2 wyverns
  Eustachio (D:5)
  A steam dragon (D:8)
  An acid dragon (D:10)
  3 water moccasins
  4 ice beasts
  A black bear (D:7)
  A sky beast (D:8)
  4 orc warriors
  4 centaurs
  2 kobold brigands
  5 bullfrogs
  A gnoll sergeant (D:5)
  A scorpion (D:5)
  3 wights (D:8)
  10 killer bees
  5 howler monkeys
  9 orc priests
  3 jellies
  A hound (D:6)
  Terence (D:3)
  6 iguanas
  15 orc wizards
  A mummy (D:6)
  12 gnolls
  8 adders
  3 shadow imps
  An ufetubus (D:5)
  A worm (D:5)
  6 dart slugs
  42 orcs
  6 ball pythons
  6 endoplasms
  2 giant cockroaches
  6 goblins
  4 hobgoblins
  14 kobolds
  4 quokkas
  9 bats
  5 frilled lizards
  7 rats
  A spectral goblin (D:7)
253 creatures vanquished.

Notes
Turn   | Place    | Note
-------+----------+-------------------------------------------
     0 | D:1      | wolfrpgdude the Minotaur Fighter began the quest for the
                  | Orb.
     0 | D:1      | Reached XP level 1. HP: 19/19 MP: 0/0
    51 | D:1      | Reached XP level 2. HP: 27/27 MP: 1/1
   211 | D:1      | Found a faded altar of an unknown god.
   234 | D:1      | Got Plato's Essays on the Compass
   440 | D:1      | Reached XP level 3. HP: 33/33 MP: 2/2
  1451 | D:2      | Reached XP level 4. HP: 39/41 MP: 3/3
  1545 | D:2      | Found Someheus's Magic Scroll Shoppe.
  1631 | D:2      | Found Zuczos's General Store.
  2235 | D:3      | Found an ancient bone altar of Kikubaaqudgha.
  2397 | D:3      | Noticed Terence
  2406 | D:3      | Killed Terence
  2474 | D:3      | Found a bloodstained altar of Trog.
  2548 | D:3      | Found Ivifey's Antique Armour Emporium.
  2569 | D:3      | Identified a scroll of acquirement
  2569 | D:3      | Acquired 1310 gold pieces
  2990 | D:3      | Found a glowing golden altar of the Shining One.
  2996 | D:3      | Became a worshipper of the Shining One
  3084 | D:3      | Found a shimmering altar of Xom.
  3127 | D:4      | Reached XP level 5. HP: 41/47 MP: 4/4
  3178 | D:4      | Reached skill level 5 in Fighting
  3178 | D:4      | Reached skill level 5 in Armour
  3178 | D:4      | Reached skill level 5 in Shields
  3345 | D:4      | Reached XP level 6. HP: 56/56 MP: 5/5
  3403 | D:4      | Found a staircase to the Ecumenical Temple.
  3518 | D:4      | Found a shimmering blue altar of Sif Muna.
  3518 | D:4      | Noticed Sigmund
  3807 | D:5      | Entered Level 5 of the Dungeon
  3952 | D:5      | Noticed Eustachio
  3960 | D:5      | Killed Eustachio
  3961 | D:5      | Reached XP level 7. HP: 59/62 MP: 6/6
  3989 | D:5      | Reached skill level 5 in Axes
  4160 | D:5      | Reached * piety under the Shining One
  4966 | D:5      | Reached XP level 8. HP: 54/71 MP: 7/7
  5247 | D:6      | Found Tafarr's Weapon Shoppe.
  5548 | D:6      | Found a white marble altar of Elyvilon.
  5779 | D:6      | Found a snail-covered altar of Cheibriados.
  6112 | D:7      | Found Adyskaf's Distillery.
  6132 | D:7      | Bought a potion of curing for 33 gold pieces
  6132 | D:7      | Bought a potion of heal wounds for 55 gold pieces
  6132 | D:7      | Bought a potion of curing for 33 gold pieces
  6132 | D:7      | Bought 2 potions of heal wounds for 110 gold pieces
  6318 | D:7      | Reached XP level 9. HP: 79/81 MP: 8/8
  6378 | D:7      | Found a hazy altar of Hepliaklqana.
  6378 | D:7      | Reached ** piety under the Shining One
  6798 | D:7      | Found an iron altar of Okawaru.
  7447 | D:8      | Noticed a two-headed ogre
  7455 | D:8      | Killed a two-headed ogre
  7660 | D:8      | Found an opulent altar of Gozag.
  7726 | D:8      | Reached XP level 10. HP: 91/91 MP: 9/9
  8082 | D:9      | Found an ornate altar of the Wu Jian Council.
  8102 | D:9      | Noticed a two-headed ogre
  8109 | D:9      | Killed a two-headed ogre
  8110 | D:9      | Reached skill level 10 in Fighting
  8110 | D:9      | Reached skill level 10 in Armour
  8110 | D:9      | Reached skill level 10 in Shields
  8286 | D:9      | Noticed a vault sentinel
  8288 | D:9      | Noticed a vault sentinel
  8305 | D:10     | Entered Level 10 of the Dungeon
  8827 | D:10     | Reached skill level 10 in Axes
  8846 | D:10     | Noticed Fannar
  8863 | D:10     | Killed Fannar
  9288 | D:10     | Reached XP level 11. HP: 101/101 MP: 10/10
  9331 | D:10     | Found a staircase to the Lair.
  9720 | D:9      | Reached *** piety under the Shining One
  9988 | D:9      | Found a shadowy altar of Dithmenos.
 10148 | D:9      | Found Niteukel's Distillery.
 10153 | D:9      | Bought a potion of curing for 42 gold pieces
 10153 | D:9      | Bought a potion of curing for 42 gold pieces
 10153 | D:9      | Bought a potion of curing for 42 gold pieces
 10308 | D:9      | Found the +18 shield of the Gong {rElec rN+ Will+ EV-5}
 10318 | D:9      | Identified the +4 cloak of the Nice God {Contam Harm rPois
                  | Stlth+}
 10541 | D:9      | Found a sparkling altar of Nemelex Xobeh.
 10893 | D:11     | Noticed a four-headed hydra
 10982 | D:11     | Noticed a boulder beetle
 10992 | D:11     | Killed a boulder beetle
 10999 | D:11     | You fall into a shaft and drop 3 floors!
 11236 | D:14     | Noticed an ogre mage
 11236 | D:14     | Noticed a seven-headed hydra
 11236 | D:14     | Noticed a flayed ghost
 11253 | D:14     | Noticed a centaur warrior
 11260 | D:14     | Noticed a deep elf pyromancer
 11265 | D:14     | Killed a centaur warrior
 11273 | D:14     | Killed a deep elf pyromancer
 11273 | D:14     | Hit by a large rock thrown by a cyclops

Illustrated notes

Levels and vault maps discovered:
D:1:      ncdulo_halloftheorcs, layout_basic,
          shapermc_ecumenical_altar_rom_forum
D:2:      layout_basic, serial_shops, nicolae_shop_behind_doors,
          nicolae_shop_statue_plus
D:3:      layout_basic, mainiacjoe_overflow_tiny_flanked,
          mainiacjoe_overflow_paths, lemuel_tele_altar,
          mainiacjoe_overflow_concentric_impassable, serial_shops,
          nicolae_shop_trees, minivault_25, uniq_terence
D:4:      layout_loops_cross, mainiacjoe_overflow_catwalk,
          minmay_temple_entry_junction, uniq_blork_the_orc, uniq_sigmund,
          uniq_edmund
D:5:      layout_gridville, nrook_pool_corridor, uniq_eustachio
D:6:      layout_loops_ring, slow_altar_1, nicolae_elyvilon_peaceful_grove,
          serial_shops, nicolae_stop_n_shop_2
D:7:      layout_rooms, nicolae_hepliaklqana_monster_ancestors,
          kennysheep_okawaru_gauntlet, serial_shops, shop
D:8:      layout_rooms, amcnicky_altar_gilded, abandoned_shop
D:9:      layout_loops_ring, old_standard_altar, nicolae_overflow_hidden_temple,
          lemuel_coloured_pillars_altar, serial_shops, nicolae_shop_statue_plus,
          hellmonk_guarded_unrand_gong
D:10:     layout_basic, lair_entry_dummy, minmay_splitting_lines, uniq_fannar
D:11:     layout_big_octagon, david_orc_1_choice
D:14:     kennysheep_room_grid, layout_basic, minmay_misc_feat_encased,
          minmay_checkered_concentric_circles

Skill      XL: |  1  2  3  4  5  6  7  8  9 10 11 |
---------------+----------------------------------+-----
Fighting       | 4 5 6 7 9 10 11 | 11.7
Shields        | 4 5 6 7 9 10 11 | 11.7
Armour         | 4 5 6 7 9 10 11 | 11.8
Axes           | 3 4 6 7 9 10 11 | 11.4

Action                   |  1- 3 |  4- 6 |  7- 9 | 10-12 || total
-------------------------+-------+-------+-------+-------++-------
Melee: War axe           |    33 |       |       |       ||    33
       Broad axe         |    57 |    97 |   167 |   204 ||   525
       Headbutt          |    11 |    13 |    30 |    56 ||   110
  Use: Scroll            |       |    14 |    11 |     1 ||    26
       Potion            |       |       |       |     6 ||     6
Armor: Scale mail        |    42 |    53 |   104 |    79 ||   278
Dodge: Dodged            |    59 |    49 |   109 |    66 ||   283
Block: Buckler           |    20 |    21 |    41 |    47 ||   129
       Kite shield       |       |       |       |   116 ||   116
